 Dungeon Crawl Stone Soup version 0.30-a0-422-g946f4849ff (webtiles) character file.

Game seed: 372859459788393258

191 cforsyth the Chopper (level 5, -8/48 HPs)
             Began as a Hill Orc Monk on Dec 9, 2022.
             Was a Believer of Beogh.
             Splashed by a jelly's acid (9 damage)
             ... on level 4 of the Dungeon.
             The game lasted 00:06:51 (3659 turns).

cforsyth the Chopper (Hill Orc Monk)                Turns: 3659, Time: 00:06:52

Health: -8/48      AC: -5    Str: 14    XL:     5   Next: 70%
Magic:  5/5        EV:  7    Int: 10    God:    Beogh [**....]
Gold:   184        SH: 11    Dex: 13    Spells: 4/4 levels left

rFire   . . .      SeeInvis .    a - +0 hand axe
rCold   . . .      Faith    +    p - +0 tower shield {AC+3}
rNeg    . . .      Spirit   .    v - +0 ring mail
rPois   .          Reflect  .    g - +0 helmet
rElec   .          Harm     .    (no cloak)
rCorr   .          Rampage  .    n - +0 pair of gloves
Will    .....                    (no boots)
Stlth   +.........               m - amulet of faith
HPRegen 0.28/turn                (no ring)
MPRegen 0.09/turn                (no ring)

@: corroded
A: weak 1, sturdy frame 1
a: Renounce Religion, Smiting


You were on level 4 of the Dungeon.
You worshipped Beogh.
Beogh was pleased with you.
You visited 1 branch of the dungeon, and saw 5 of its levels.

You collected 184 gold pieces.

Inventory:

Hand Weapons
 a - a +0 hand axe (weapon)
Armour
 g - a +0 helmet (worn)
 n - a +0 pair of gloves (worn)
 p - a +0 tower shield of protection (worn)
 v - a +0 ring mail (worn)
Jewellery
 m - an amulet of faith (around neck)
Scrolls
 d - a scroll of amnesia {unknown}
 e - 5 scrolls of identify {unknown}
 f - 2 scrolls of poison {unknown}
 j - 2 scrolls of teleportation {unknown}
 l - 2 scrolls of butterflies {unknown}
 o - 3 scrolls of immolation {unknown}
 q - a scroll of vulnerability {unknown}
 s - 5 scrolls of fear {unknown}
 u - a scroll of enchant weapon {unknown}
Potions
 b - a potion of heal wounds
 c - a potion of ambrosia
 i - a potion of invisibility
 k - a potion of berserk rage {unknown}
 r - a potion of brilliance
 t - 2 potions of lignification {unknown}


   Skills:
 + Level 5.5 Fighting
 + Level 6.1 Axes
 + Level 0.4 Armour
 - Level 2.4 Dodging
 - Level 1.5 Stealth
 + Level 2.0 Shields


You had 4 spell levels left.
You didn't know any spells.
Your spell library contained the following spells:

 Spells                   Type           Power      Damage    Failure   Level
 Magic Dart               Conj           0%         1d3       100%        1
 Call Imp                 Summ           0%         N/A       100%        2
 Static Discharge         Conj/Air       0%         2-2/arc   100%        2
 Mephitic Cloud           Conj/Pois/Air  0%         N/A       100%        3
 Vhi's Electric Charge    Tloc/Air       0%         N/A       100%        3
 Arcjolt                  Conj/Air       0%         1d10      100%        5
 Lightning Bolt           Conj/Air       0%         1d11      100%        5


Dungeon Overview and Level Annotations

Branches:
Dungeon (5/15)
 Temple: D:4-7

Altars:
Kikubaaqudgha
Okawaru


Innate Abilities, Weirdness & Mutations

You are weak. (Str -2)
Your movements are slightly less encumbered by armour. (ER -2)


Message History

You block the jelly's attack. The quokka closely misses you.
You hit the jelly.
Your hands burn!
The jelly is heavily wounded.
You hit the quokka. The jelly hits you but does no damage.
You block the quokka's attack.
Unknown command.
You hit the jelly but do no damage.
Your hands burn!
The jelly is heavily wounded.
You hit the quokka but do no damage. You block the quokka's attack.
The jelly hits you but does no damage. You block the quokka's attack.
The jelly hits you but does no damage.
The orc shouts, "How could Beogh possibly choose you?"
You hit the jelly but do no damage. The acid corrodes you!
Your hands burn!
The jelly is heavily wounded.
You hit the quokka but do no damage. You block the quokka's attack.
You block the jelly's attack. You block the quokka's attack.
You hit the jelly but do no damage. The acid corrodes you!
Your hands burn!
The jelly is heavily wounded.
You hit the quokka but do no damage. You block the jelly's attack.
You block the quokka's attack. The jelly closely misses you.
You hit the jelly but do no damage.
Your hands burn!
The jelly is heavily wounded.
You hit the quokka but do no damage. You block the quokka's attack.
The jelly hits you. The acid corrodes you!
You are splashed with acid!
* * * LOW HITPOINT WARNING * * *
The quokka barely misses you.
Unknown command.
You hit the jelly but do no damage.
Your hands burn!
* * * LOW HITPOINT WARNING * * *
The jelly is heavily wounded.
You hit the quokka but do no damage. The quokka bites you.
* * * LOW HITPOINT WARNING * * *
The jelly barely misses you. The quokka closely misses you.
You hit the jelly but do no damage.
Your hands burn!
* * * LOW HITPOINT WARNING * * *
The jelly is heavily wounded.
You miss the quokka. The jelly hits you.
* * * LOW HITPOINT WARNING * * *
You are splashed with acid!
You die...

.....#..# #..# #.... .....#..#
#.## ##...# ....##..# ##.# #.###.
........### ####[.## ####..
##........## ####..>...## ##..
#...#####..#####....<..#..####...
..### ###....o.o.######..##....
.## ###..J#### ##....... ##
#..r@## #....... .## #.....##
##...... ..# ##.....### ##.....
.## #.......## ####.... .#
#........####..#..## ##
#..........#.....## #
#.........<.......## #
#...#..............#
##..##..............


You could see a jelly, an orc and a quokka.

Vanquished Creatures
  A hound (D:4)
  2 orc wizards
  Robin (D:2)
  3 adders (D:3)
  3 dart slugs (D:1)
  2 ball pythons
  2 bat zombies (D:3)
  6 endoplasms
  A giant cockroach (D:4)
  15 goblins
  12 hobgoblins
  2 quokkas
  A bat (D:2)
  2 frilled lizards (D:2)
  3 kobolds
  5 rats
  2 rat zombies (D:3)
63 creatures vanquished.

Vanquished Creatures (others)
  A bat (D:3)
1 creature vanquished.

Grand Total: 64 creatures vanquished

Notes
Turn   | Place    | Note
-------+----------+-------------------------------------------
     0 | D:1      | cforsyth the Hill Orc Monk began the quest for the Orb.
     0 | D:1      | Reached XP level 1. HP: 19/19 MP: 1/1
    82 | D:1      | Reached XP level 2. HP: 12/27 MP: 2/2
   380 | D:1      | Reached XP level 3. HP: 33/34 MP: 3/3
   754 | D:2      | Noticed Robin
   887 | D:1      | Reached skill level 5 in Axes
  1090 | D:2      | Killed Robin
  1344 | D:2      | Reached XP level 4. HP: 41/41 MP: 4/4
  1896 | D:3      | Became a worshipper of Beogh the Brigand
  1896 | D:3      | Reached * piety under Beogh
  1896 | D:3      | Reached ** piety under Beogh
  2087 | D:2      | Gained mutation: Your movements are slightly less
                  | encumbered by armour. (ER -2) [potion of mutation]
  2087 | D:2      | Gained mutation: You occasionally shout uncontrollably at
                  | your foes. [potion of mutation]
  2087 | D:2      | Gained mutation: You have a pair of small horns on your
                  | head. [potion of mutation]
  2100 | D:2      | Reached skill level 5 in Fighting
  2100 | D:2      | Reached skill level 1 in Shields
  2265 | D:3      | Found an ancient bone altar of Kikubaaqudgha.
  2341 | D:3      | Reached XP level 5. HP: 46/48 MP: 5/5
  2548 | D:3      | You fall into a shaft and drop 1 floor!
  2934 | D:4      | Lost mutation: You have a pair of small horns on your head.
                  | [potion of mutation]
  2934 | D:4      | Lost mutation: You occasionally shout uncontrollably at
                  | your foes. [potion of mutation]
  2934 | D:4      | Gained mutation: You are weak. (Str -2) [potion of
                  | mutation]
  3055 | D:4      | Found an iron altar of Okawaru.
  3288 | D:4      | Reached skill level 6 in Axes
  3517 | D:5      | Entered Level 5 of the Dungeon
  3659 | D:4      | HP: 1/48 [jelly (2)]
  3659 | D:4      | Splashed by a jelly's acid

Illustrated notes

Levels and vault maps discovered:
D:1:      dpeg_arrival_more_subterranean_lakeside_camping, layout_basic
D:2:      layout_basic, serial_corexii_hall, chequers_hall_statues_corner_a,
          chequers_hall_statues_wall_a, interstate_on_off, uniq_robin
D:3:      layout_basic, lemuel_zombie_altar_kikubaaqudgha, minmay_crystal_water
D:4:      layout_cave_pods, mainiacjoe_overflow_cross_hatched
D:5:      layout_rooms, minmay_hollow_rounded_squares

Skill      XL: |  1  2  3  4  5 |
---------------+----------------+-----
Fighting       | 4 5 |  5.5
Axes           | 5 6 |  6.1
Shields        | 1 2 |  2.0
Armour         | |  0.4
Dodging        | |  2.4
Stealth        | |  1.5

Action                   |  1- 3 |  4- 6 || total
-------------------------+-------+-------++-------
Melee: Hand axe          |    97 |   162 ||   259
       Headbutt          |       |     6 ||     6
Invok: Convert to Beogh  |       |     1 ||     1
  Use: Potion            |       |     9 ||     9
 Stab: Sleeping          |     1 |     1 ||     2
       Invisible         |       |     1 ||     1
Armor: Robe              |    18 |       ||    18
       Leather armour    |     1 |    69 ||    70
       Ring mail         |       |    21 ||    21
Dodge: Dodged            |    73 |    57 ||   130
Block: Tower shield      |       |    82 ||    82

Table legend: (Time is in decaauts)
 A = Elapsed time spent in this place.
 B = Non-inter-level travel time spent in this place.
 C = Inter-level travel time spent in this place.
 D = Time resting spent in this place.
 E = Time spent auto-exploring this place.
 F = Levels seen in this place.
 G = Mean time per level.
                   A        B        C        D        E       F      G
               +--------+--------+--------+--------+--------+-----+--------+
         Total |   3745 |   3512 |    233 |    506 |   2261 |   5 |  749.0 |
       Dungeon |   3745 |   3512 |    233 |    506 |   2261 |   5 |  749.0 |
               +--------+--------+--------+--------+--------+-----+--------+

Top non-repeatable levels by time:
     D:1: 1160 daAuts
     D:4: 939 daAuts
     D:2: 918 daAuts
     D:3: 722 daAuts
     D:5: 4 daAuts
